 Dungeon Crawl Stone Soup version 0.29.1-2-gbd0b4ee654 (webtiles) character file.

Game seed: 2440757091634562731

91 fleeber the Conjurer (level 4, -4/24 HPs)
             Began as a Deep Elf Conjurer on Nov 6, 2022.
             Killed from afar by Sigmund (7 damage)
             ... with a magic dart
             ... on level 2 of the Dungeon.
             The game lasted 00:06:06 (2304 turns).

fleeber the Conjurer (Deep Elf Conjurer)            Turns: 2304, Time: 00:06:06

Health: -4/24      AC:  2    Str:  4    XL:     4   Next: 33%
Magic:  12/12      EV: 12    Int: 25    God:
Gold:   26         SH:  0    Dex: 13    Spells: 8/11 levels left

rFire   . . .      SeeInvis .   i - +0 short sword
rCold   . . .      Faith    .   (no shield)
rNeg    . . .      Spirit   .   a - +0 robe
rPois   .          Reflect  .   (no helmet)
rElec   .          Harm     .   (no cloak)
rCorr   .          Rampage  .   (no gloves)
Will    .....                   (no boots)
Stlth   ++........              (no amulet)
HPRegen 0.08/turn               (no ring)
MPRegen 0.13/turn               (no ring)

@: no status effects
A: no striking features
a: no special abilities


You were on level 2 of the Dungeon.
You visited 1 branch of the dungeon, and saw 2 of its levels.

You collected 26 gold pieces.

Inventory:

Hand Weapons
 i - a +0 short sword (weapon)
Armour
 a - a +0 robe (worn)
Jewellery
 g - a ring of fire
Scrolls
 c - 4 scrolls of identify {unknown}
 d - 2 scrolls of enchant weapon {unknown}
 f - a scroll of summoning {unknown}
 j - a scroll of teleportation {unknown}
Potions
 b - a potion of magic
 e - a potion of berserk rage {unknown}
 h - a potion of degeneration {unknown}


   Skills:
 - Level 2.4 Dodging
 - Level 2.4 Stealth
 + Level 4.3 Spellcasting
 + Level 5.1 Conjurations
 + Level 2.3 Translocations


You had 8 spell levels left.
You knew the following spells:

 Your Spells              Type           Power      Damage    Failure   Level
a - Magic Dart            Conj           100%       1d8       1%          1
b - Searing Ray           Conj           62%        2d6       1%          2

Your spell library contained the following spells:

 Spells                   Type           Power      Damage    Failure   Level
 Conjure Flame            Conj/Fire      18%        6-21      9%          3
 Dazzling Flash           Conj/Hex       36%        N/A       9%          3
 Iskenderun's Mystic Bla  Conj/Tloc      24%        2d7       19%         4
 Ignite Poison            Fire/Tmut/Pois 5%         N/A       26%         3
 Fulminant Prism          Conj/Hex       9%         3d7       30%         4
 Sticky Flame             Conj/Fire      18%        2d4       30%         4


Dungeon Overview and Level Annotations

Branches:
Dungeon (2/15)

Altars:

Shops:
D:2 [

Annotations:
D:2 Sigmund


Message History

The magic dart hits the endoplasm.
You kill the endoplasm!
You start resting.
HP restored.
A ball python comes into view.
Casting: Magic Dart (safe; 1% risk of failure)
Confirm with . or Enter, or press ? or * to list all spells.
Aiming: Magic Dart (safe; 1% risk of failure)
Press: ? - help, Shift-Dir - straight line, f - ball python
Aim: a ball python (wandering, hasn't noticed you, 100% to hit)
The magic dart hits the ball python!
You kill the ball python!
You start resting.
Magic restored.
c - 4 scrolls labelled XACSYONERU (gained 1)
j - a scroll labelled GAHECU TIFAF
Found a stone staircase leading down.
You now have 26 gold pieces (gained 4).
You open the door.
There is an open door here.
You open the door.
There is an open door here.
You see here a +0 trident.
Things that are here:
a +0 dagger; 2 stones
Found a ring mail.
You see here a +0 ring mail.
Sigmund flickers, as though insubstantial.
Sigmund casts a spell at you. The magic dart hits you!
Sigmund points at you and mumbles some strange words.
The magic dart hits you.
Sigmund screams, "Die, monster!"
You see here a +0 ring mail.
Sigmund casts a spell at you. The magic dart hits you!
* * * LOW HITPOINT WARNING * * *
Sigmund gestures at you while chanting. The magic dart hits you!
You die...

.############.### #.......@. .#
#.....# ##...##### .# ##.....#
##@## '## #......# #.# # ..##
#......# #.# ## ...## #......#
###.# ##. ....## ##.###### ##.#.#
##..
.†...####...###########..[.###...
.....'......)...@......@.....'...
.....####..)###########....###...
....## ##.## ##.#.# ##.. ...##
##.## ###.# ##. ..## #...# #.# ##
'## #...# #.# # .# #...# .# # .#
#.### # .########.# #


You could see Sigmund.

Vanquished Creatures
  3 adders (D:2)
  2 worms (D:2)
  3 dart slugs
  2 bats (D:1)
  9 endoplasms
  2 giant cockroaches
  2 goblins
  8 hobgoblins (D:1)
  6 kobolds
  4 ball pythons
  2 frilled lizards
  5 rats
48 creatures vanquished.

Notes
Turn   | Place    | Note
-------+----------+-------------------------------------------
     0 | D:1      | fleeber the Deep Elf Conjurer began the quest for the Orb.
     0 | D:1      | Reached XP level 1. HP: 10/10 MP: 6/6
   152 | D:1      | Reached skill level 1 in Translocations
   152 | D:1      | Reached XP level 2. HP: 15/15 MP: 1/8
   676 | D:1      | Found a faded altar of an unknown god.
   759 | D:1      | Reached XP level 3. HP: 19/19 MP: 3/10
  1128 | D:1      | Learned a level 2 spell: Searing Ray
  1161 | D:2      | Reached skill level 5 in Conjurations
  1198 | D:2      | Found Ischir Ysmooq's Antique Armour Boutique.
  1236 | D:2      | Noticed Sigmund
  1582 | D:2      | Reached XP level 4. HP: 24/24 MP: 3/12
  2304 | D:2      | Killed from afar by Sigmund

Illustrated notes

Levels and vault maps discovered:
D:1:      dpeg_arrival_arbitrary_b, layout_basic, serial_glass, glass_columns_a,
          glass_columns_a, glass_columns_c, glass_columns_a, glass_columns_b,
          glass_columns_a, glass_columns_b, glass_columns_c, glass_columns_b,
          glass_columns_a, glass_columns_c, glass_columns_c, glass_columns_a,
          glass_columns_a, due_unseen_surprise, minmay_strange_pillars,
          feat_on_display, feat_on_display,
          shapermc_ecumenical_altar_starsandcircs
D:2:      layout_loops_corners, serial_shops,
          nicolae_shop_competitors_out_of_business, uniq_sigmund

Skill      XL: |  1  2  3 |
---------------+----------+-----
Translocations | 1 2 |  2.3
Spellcasting   | 4 |  4.3
Conjurations   | 5 |  5.1
Dodging        | |  2.4
Stealth        | |  2.4

Action                   |  1- 3 |  4- 6 || total
-------------------------+-------+-------++-------
 Cast: Magic Dart        |    73 |    27 ||   100
Dodge: Dodged            |     2 |       ||     2
